 Dungeon Crawl Stone Soup version 0.29.1-1-gd02db6906a (webtiles) character file.

Game seed: 15125111212599821507

56 LabCoat the Trooper (level 3, 0/33 HPs)
             Began as a Hill Orc Fighter on Oct 16, 2022.
             Slain by a white imp (5 damage)
             ... summoned by Natasha
             ... on level 3 of the Dungeon.
             The game lasted 00:03:45 (1843 turns).

LabCoat the Trooper (Hill Orc Fighter)              Turns: 1843, Time: 00:03:47

Health: 0/33       AC:  6    Str: 20    XL:     3   Next: 97%
Magic:  3/3        EV:  9    Int:  8    God:
Gold:   169        SH:  4    Dex: 10    Spells: 2/2 levels left

rFire   . . .      SeeInvis .   a - +0 war axe
rCold   . . .      Faith    .   c - +0 buckler
rNeg    . . .      Spirit   .   b - +0 scale mail
rPois   .          Reflect  .   (no helmet)
rElec   .          Harm     .   (no cloak)
rCorr   .          Rampage  .   (no gloves)
Will    .....                   (no boots)
Stlth   ..........              (no amulet)
HPRegen 0.11/turn               (no ring)
MPRegen 0.08/turn               (no ring)

@: no status effects
A: no striking features
a: no special abilities


You were on level 3 of the Dungeon.
You visited 1 branch of the dungeon, and saw 3 of its levels.

You collected 169 gold pieces.

Inventory:

Hand Weapons
 a - a +0 war axe (weapon)
Missiles
 h - 4 poisoned darts (quivered)
Armour
 b - a +0 scale mail (worn)
 c - a +0 buckler (worn)
Scrolls
 g - a scroll of magic mapping {unknown}
 i - 2 scrolls of teleportation
Potions
 d - a potion of might
 e - a potion of brilliance {unknown}
 f - 4 potions of curing
 j - a potion of magic {unknown}


   Skills:
 * Level 4.2 Fighting
 * Level 3.4 Axes
 + Level 0.8 Throwing
 + Level 3.4 Armour
 + Level 0.5 Dodging
 + Level 3.6 Shields
 + Level 0.7 Evocations


You had 2 spell levels left.
You didn't know any spells.
Your spell library was empty.

Dungeon Overview and Level Annotations

Branches:
Dungeon (3/15)

Altars:

Annotations:
D:3 Natasha


Message History

Done exploring.
(D) Dungeon
Where to? (Enter - D:2, ? - help)
There is a stone staircase leading down here.
You climb downwards.
Natasha hisses angrily.
Found a leather armour.
There is a stone staircase leading up here.
Natasha is nearby!
You aren't carrying any items that you can evoke.
You barely miss Natasha. Natasha claws you.
You barely miss Natasha. Natasha claws you.
You barely miss Natasha. Natasha barely misses you.
Natasha claws you but does no damage.
You hit Natasha.
Natasha is moderately wounded.
Natasha casts a spell.
You hit Natasha.
Natasha is severely wounded.
Natasha claws you but does no damage.
You barely miss Natasha.
Natasha is severely wounded.
You hit the white imp. Natasha claws you! The white imp hits you.
The white imp freezes you.
Natasha zaps a wand.
The puff of flame hits you.
* * * LOW HITPOINT WARNING * * *
You barely miss Natasha.
Natasha is severely wounded.
You closely miss the white imp. The white imp closely misses you.
You block Natasha's attack. The white imp gestures at you.
The puff of frost hits you.
* * * LOW HITPOINT WARNING * * *
You feel better.
Natasha stares at you and mumbles some strange words.
The magic dart hits you.
* * * LOW HITPOINT WARNING * * *
The white imp hits you.
* * * LOW HITPOINT WARNING * * *
The white imp freezes you.
You die...

#+ #. #. ##.#
##[.. #.... ##
####..5##.######
......h@<.......
#####.###.######
# ##


You could see Natasha and a white imp (summoned).

Vanquished Creatures
  An adder (D:2)
  A worm (D:2)
  2 dart slugs (D:1)
  A bat (D:1)
  7 endoplasms
  2 goblins (D:1)
  2 hobgoblins (D:2)
  2 jackals (D:1)
  4 kobolds
  2 quokkas
  6 ball pythons
  A frilled lizard (D:1)
  7 rats
38 creatures vanquished.

Notes
Turn   | Place    | Note
-------+----------+-------------------------------------------
     0 | D:1      | LabCoat the Hill Orc Fighter began the quest for the Orb.
     0 | D:1      | Reached XP level 1. HP: 19/19 MP: 1/1
   193 | D:1      | Reached XP level 2. HP: 23/27 MP: 2/2
   417 | D:1      | Reached skill level 4 in Fighting
   536 | D:1      | Reached XP level 3. HP: 27/33 MP: 3/3
  1021 | D:2      | Identified the +1 leather armour "Kieruerr" {Drain rElec
                  | rF+ Str+5}
  1398 | D:2      | Found a faded altar of an unknown god.
  1572 | D:2      | Identified the +1 leather armour "Heamynad" {Contam rElec
                  | rPois Dex-4}
  1834 | D:3      | Noticed Natasha
  1843 | D:3      | Slain by a white imp

Illustrated notes

Levels and vault maps discovered:
D:1:      dpeg_arrival_stonehenge_8_columns, layout_basic
D:2:      layout_loops_ring, hellmonk_ecumenical_altar_pennies_from_heaven,
          skrybe_limestone_x, minmay_pentomino_q4
D:3:      layout_loops_corners, nicolae_gozag_cash_rules_everything_around_me,
          guppyfry_early_orc_mine, uniq_natasha

Skill      XL: |  1  2 |
---------------+-------+-----
Axes           | 3 |  3.4
Fighting       | 4 |  4.2
Throwing       | |  0.8
Armour         | |  3.4
Dodging        | |  0.5
Shields        | |  3.6
Evocations     | |  0.7

Action                   || total
-------------------------++-------
Melee: War axe           ||    90
Throw: Dart              ||     5
  Use: Potion            ||     2
       Scroll            ||     4
Armor: Scale mail        ||    33
Dodge: Dodged            ||    37
Block: Buckler           ||    15
